Map: Cyber Forest LE

Players

Kel - Winner!

  • Race: Zerg Zerg
  • Spawn Location: 5:00

Sonix

  • Race: Zerg Zerg
  • Spawn Location: 11:00

Event: 2019 WCS Spring

VOD

Have the link to the VOD?

Description

Time

  • Played on: May 17, 2019, 7 a.m.
  • Length: 3:28

All games in this series

Show
View Real Time Build Order
Export as new Build Order

Kel Zerg - Winner!

Build Orders: 1 Base Baneling Bust, Pool Only 

Get SALT Encoding   

  12  0:01  Drone  
  13  0:14  Extractor  
  12  0:26  Spawning Pool  
  11  0:29  Drone  
  11  0:33  Drone  
  13  0:40  Drone  
  14  0:52  Overlord  
  14  1:13  Zergling x6  
  14  1:15  Metabolic Boost  
  17  1:25  Zergling x2  
  18  1:36  Baneling Nest  
  18  1:39  Zergling x2  
  18  1:50  Zergling x2  
  19  1:54  Queen  
  21  2:04  Zergling x2  
  22  2:13  Overlord  
  22  2:20  Baneling x2  
  22  2:26  Baneling  
  22  2:34  Zergling x4  
  22  2:52  Zergling x2  
  22  2:53  Zergling x2  
  24  3:01  Zergling x2  
Show
View Real Time Build Order
Export as new Build Order

Sonix Zerg 

Build Orders: Pool First 

Get SALT Encoding   

  12  0:01  Drone  
  13  0:15  Drone  
  14  0:33  Spawning Pool, Extractor, Drone  
  14  0:35  Drone  
  14  0:44  Overlord  
  15  1:04  Drone x2  
  15  1:06  Drone  
  17  1:20  Queen  
  17  1:24  Zergling x2  
  20  1:37  Metabolic Boost  
  20  1:51  Hatchery  
  20  1:52  Zergling x2  
  20  1:56  Zergling x2  
  21  2:02  Zergling x2  
  22  2:15  Baneling Nest  
  22  2:18  Overlord  
  21  2:36  Queen  
  19  2:52  Zergling x10  
  17  3:06  Zergling x4  
Tags
 
Add a new tag
Caveats
  • Supply blocks, unpowered buildings, or Contaminate may cause inaccurate times.
  • Supply counts are checked every 10 seconds.